 Dungeon Crawl Stone Soup version 0.26.0-16-gc1dbca0489 (webtiles) character file.

Game seed: 10743413156491219287

24 thiole the Magician (level 3, 0/21 HPs)
             Began as an Octopode Hedge Wizard on Jan 19, 2021.
             Slain by an ooze (4 damage)
             ... on level 1 of the Dungeon.
             The game lasted 00:01:10 (1594 turns).

thiole the Magician (Octopode Hedge Wizard)         Turns: 1594, Time: 00:01:10

Health: 0/21       AC:  1    Str:  9    XL:     3   Next: 2%
Magic:  5/7        EV: 13    Int: 17    God:
Gold:   65         SH:  0    Dex: 11    Spells: 7/8 levels left

rFire    . . .     SeeInvis .   a - +0 dagger
rCold    . . .     Faith    .   (no shield)
rNeg     . . .     Spirit   .   b - +0 hat
rPois    .         Reflect  .   (no amulet)
rElec    .         Harm     .   (no ring)
rCorr    .         Rampage  .   (no ring)
Will     .....                  (no ring)
Stlth    +++.......             (no ring)
HPRegen  0.07/turn              (no ring)
MPRegen  0.10/turn              (no ring)
                                (no ring)
                                (no ring)

@: very slightly contaminated
A: almost no armour, stealthy swim, amphibious, 8 rings, constrict 8, camouflage
1, gelatinous body 1
a: no special abilities


You were on level 1 of the Dungeon.
You visited 1 branch of the dungeon, and saw 2 of its levels.

You collected 65 gold pieces.

Inventory:

Hand Weapons
 a - a +0 dagger (weapon)
Armour
 b - a +0 hat (worn)
Jewellery
 e - a +6 ring of intelligence {unknown}
 i - an uncursed ring of flight {unknown}
Scrolls
 c - 2 scrolls of remove curse {unknown}
 f - 2 scrolls of identify {unknown}
 g - 2 scrolls of magic mapping {unknown}
 h - a scroll of amnesia {unknown}
 j - a scroll of teleportation {unknown}
Potions
 d - a potion of attraction {unknown}
 k - a potion of brilliance {unknown}
 l - a potion of curing {unknown}
 m - a potion of degeneration {unknown}
 n - a potion of berserk rage {unknown}


   Skills:
 - Level 2.0 Dodging
 + Level 3.1 Stealth
 + Level 3.1 Spellcasting
 * Level 1.7 Conjurations
 * Level 1.8 Summonings
 - Level 1.0 Translocations


You had 7 spell levels left.
You knew the following spells:

 Your Spells              Type           Power        Failure   Level
a - Magic Dart            Conj           32%          9%          1

Your spell library contained the following spells:

 Spells                   Type           Power        Failure   Level
 Call Imp                 Summ           8%           12%         2
 Blink                    Tloc           N/A          17%         2
 Slow                     Hex            2%           26%         2
 Conjure Flame            Conj/Fire      5%           34%         3
 Mephitic Cloud           Conj/Pois/Air  4%           38%         3


Dungeon Overview and Level Annotations

Branches:
Dungeon (2/15)

Altars:


Innate Abilities, Weirdness & Mutations

You cannot wear most types of armour.
You are very stealthy in the water. (Stealth+)
You are amphibious.
You can wear up to eight rings at the same time.
You can use your tentacles to constrict eight enemies at once.
Your skin changes colour to match your surroundings (Stealth+).
Your rubbery body absorbs attacks. (AC +1, EV +1)


Message History

You hit the ooze.
The ooze is moderately wounded.
The frilled lizard hisses angrily.
The ooze hits you.
A hobgoblin comes into view. It is wielding a +0 club.
The hobgoblin shouts!
You hit the ooze.
The ooze is moderately wounded.
The hobgoblin barely misses you. The ooze hits you. The ooze misses you.
The hobgoblin hits you with a +0 club.
You climb upwards.
There is a stone staircase leading down here.
You hit the ooze but do no damage.
The ooze is moderately wounded.
The ooze hits you. The hobgoblin hits you with a +0 club.
* * * LOW HITPOINT WARNING * * *
You hit the ooze. You squeeze the ooze.
The ooze is almost dead.
The ooze hits you.
You die...

..........# #..#..###########
.########## ##...## .# ##.##
######### †# #.######.......# .#
###############........#####.#
'###.......#..............# #.#
..8#..##...#..####........#####.#
#.##.####.......J#........†...#.#
#.8#..##...#..##@g........###.#.#
#.##.......#..###...............#
..8#########..##.........####.###
..#8#8#8#8#..........##### #.#
..........#.######.### #.#
<...#####.'.# #.# #.#
..........### #.# ###.###
..#8#8#8#8# ##'## #......
..8######### ##...## #..###.


You could see an ooze and a hobgoblin.

Vanquished Creatures
  A dart slug (D:1)
  A ball python (D:1)
  6 bats (D:1)
  A giant cockroach (D:1)
  A hobgoblin (D:1)
  2 jackals (D:1)
  5 frilled lizards (D:1)
  3 goblins (D:1)
  2 rats (D:1)
22 creatures vanquished.

Notes
Turn   | Place    | Note
-------+----------+-------------------------------------------
     0 | D:1      | thiole the Octopode Hedge Wizard began the quest for the
                  | Orb.
     0 | D:1      | Reached XP level 1. HP: 11/11 MP: 4/4
   663 | D:1      | Reached XP level 2. HP: 17/17 MP: 1/6
  1422 | D:1      | Reached XP level 3. HP: 21/21 MP: 3/7
  1594 | D:1      | Slain by an ooze

Illustrated notes

Levels and vault maps discovered:
D:1:      heliophobic_arrival_ceremonial_halls, layout_loops_corners,
          hangedman_decor_push, minmay_misc_feat_nine_boxes,
          minmay_split_cup_large
D:2:      layout_basic, tso_metal_star, uniq_crazy_yiuf_cottage, uniq_sigmund,
          uniq_robin

Skill      XL: |  1  2 |
---------------+-------+-----
Stealth        | 3 |  3.1
Dodging        | |  2.0
Spellcasting   | |  3.1
Conjurations   | |  1.7
Summonings     | |  1.8
Translocations | |  1.0

Action                   || total
-------------------------++-------
Melee: Dagger            ||    28
       Constrict         ||     7
       Tentacles         ||     6
 Cast: Magic Dart        ||    33
Armor: Skin              ||     2
Dodge: Dodged            ||    11
